 Dungeon Crawl Stone Soup version 0.30.0-30-g96aa6591b8 (webtiles) character file.

Game seed: 7913525208421679661

17 H0rd4k the Charlatan (level 2, -2/21 HPs)
             Began as a Human Artificer on June 26, 2023.
             Slain by a quokka (3 damage)
             ... on level 1 of the Dungeon.
             The game lasted 00:00:44 (594 turns).

H0rd4k the Charlatan (Human Artificer)               Turns: 594, Time: 00:00:45

Health: -2/21      AC:  3    Str: 12    XL:     2   Next: 80%
Magic:  2/2        EV: 11    Int: 11    God:
Gold:   23         SH:  0    Dex: 13    Spells: 1/1 levels left

rFire   . . .        a - +0 club
rCold   . . .        (no shield)
rNeg    . . .        b - +0 leather armour
rPois   .            (no helmet)
rElec   .            (no cloak)
rCorr   .            (no gloves)
SInv    .            (no boots)
Will    .....        (no amulet)
Stlth   +            (no ring)
HPRegen 0.23/turn    (no ring)
MPRegen 0.08/turn

%: no passive effects
@: no status effects
A: no striking features
a: no special abilities


You were on level 1 of the Dungeon.
You visited 1 branch of the dungeon, and saw 1 of its levels.

You collected 23 gold pieces.

Inventory:

Hand Weapons
 a - a +0 club (weapon)
Missiles
 h - 11 poisoned darts
Armour
 b - a +0 leather armour (worn)
Magical Staves
 n - a staff of conjuration
Jewellery
 l - a ring of flight
Wands
 c - a wand of flame (15) (quivered)
 d - a wand of charming (15)
 e - a wand of iceblast (5)
Scrolls
 f - a scroll of magic mapping {unknown}
 g - 2 scrolls of enchant weapon {unknown}
 i - 2 scrolls of blinking {unknown}
 j - 2 scrolls of identify {unknown}
 k - a scroll of torment {unknown}
 m - a scroll of immolation {unknown}
 o - a scroll of brand weapon {unknown}


   Skills:
 + Level 1.1 Fighting
 - Level 2.0 Armour
 + Level 1.1 Dodging
 + Level 1.0 Stealth
 + Level 3.7 Evocations


You had one spell level left.
You didn't know any spells.
Your spell library was empty.

Dungeon Overview and Level Annotations

Branches:
Dungeon (1/15)

Altars:


Message History

The endoplasm is severely wounded.
The frilled lizard hisses angrily.
The endoplasm freezes you.
You are frozen.
You hit the endoplasm.
You kill the endoplasm!
A quokka comes into view.
The frilled lizard bites you.
The quokka bites you but does no damage.
You miss the quokka. The frilled lizard closely misses you.
The quokka bites you. The frilled lizard bites you.
You closely miss the quokka. The quokka closely misses you.
The frilled lizard barely misses you. The quokka barely misses you.
You barely miss the quokka. The quokka barely misses you.
The frilled lizard bites you.
There are monsters nearby!
There are monsters nearby!
The quokka bites you.
The frilled lizard attacks as you move away!
The frilled lizard barely misses you. The quokka attacks as you move away!
The quokka bites you.
The frilled lizard attacks as you move away!
The frilled lizard bites you.
The frilled lizard attacks as you move away!
The frilled lizard bites you but does no damage.
You closely miss the quokka. The quokka barely misses you. x2
You hit the quokka but do no damage. The quokka barely misses you.
You hit the quokka but do no damage. The quokka closely misses you.
The quokka misses you.
You miss the quokka.
The quokka twitches its whiskers.
The quokka bites you. The quokka closely misses you.
You miss the quokka. The quokka bites you.
* * * LOW HITPOINT WARNING * * *
You barely miss the quokka. The quokka bites you.
* * * LOW HITPOINT WARNING * * *
The quokka bites you.
* * * LOW HITPOINT WARNING * * *
You hit the quokka but do no damage. The quokka bites you.
You die...

. ##. ###### #..
..(..# ### #.#
####.###.## #.#
..........## #.#
####.###.#.#####.#
####.....#†...##.#
......†..#.#.....#
#######..#.##.##@#
#..#..##.#r#
#..#### #.l# #...#
#..# # #..#.# #..#
. #...#.# #..#
........#..#
#.#.###.#..# #.#.#
#..##


You could see a quokka and a frilled lizard.

Vanquished Creatures
  3 endoplasms (D:1)
  3 goblins (D:1)
  A kobold (D:1)
  3 ball pythons (D:1)
  A bat (D:1)
  2 frilled lizards (D:1)
  4 rats (D:1)
17 creatures vanquished.

Notes
Turn   | Place    | Note
-------+----------+-------------------------------------------
     0 | D:1      | H0rd4k the Human Artificer began the quest for the Orb.
     0 | D:1      | Reached XP level 1. HP: 15/15 MP: 1/1
   138 | D:1      | Reached XP level 2. HP: 21/21 MP: 2/2
   593 | D:1      | HP: 1/21 [quokka (2)]
   594 | D:1      | Slain by a quokka

Illustrated notes

Levels and vault maps discovered:
D:1:      dpeg_arrival_orchard, layout_loops_ring, corner_web_ring,
          minmay_cut_off

Action                     || total
---------------------------++-------
  Melee: Club              ||    66
         Punch             ||     1
   Stab: Sleeping          ||     3
 Armour: Leather armour    ||    19
  Dodge: Dodged            ||    34
